 Dungeon Crawl Stone Soup version 0.26.1-11-gd32895ea62 (webtiles) character file.

Game seed: 12708288188670052585

38003 killngun the Severer (level 13, -6/128 HPs)
             Began as a Minotaur Berserker on May 3, 2021.
             Was a High Priest of Trog.
             Mangled by an elephant (11 damage)
             ... on level 6 of the Lair of Beasts on May 4, 2021.
             The game lasted 01:36:27 (22813 turns).

killngun the Severer (Minotaur Berserker)          Turns: 22813, Time: 01:36:28

Health: -6/128     AC: 22    Str: 28    XL:     13   Next: 61%
Magic:  12/12      EV: 11    Int:  6    God:    Trog [*****.]
Gold:   509        SH:  0    Dex:  9    Spells: 12/12 levels left

rFire    + . .     SeeInvis +   N - +0 battleaxe
rCold    . . .     Faith    .   (shield currently unavailable)
rNeg     . . .     Spirit   .   V - +2 plate armour {rF+}
rPois    +         Reflect  .   T - +3 crown of Dyrovepreva {rElec Int+2 SInv}
rElec    +         Harm     .   H - +0 cloak
rCorr    .         Rampage  .   (no gloves)
Will     +....                  (no boots)
Stlth    ..........             p - amulet of regeneration
HPRegen  0.71/turn              u - ring of willpower
MPRegen  0.13/turn              L - ring of poison resistance

@: berserk cooldown, slowed, studying Unarmed Combat, very slow
A: retaliatory headbutt, horns 2
a: Renounce Religion, Berserk, Trog's Hand, Brothers in Arms


You were on level 6 of the Lair of Beasts.
You worshipped Trog.
Trog was extremely pleased with you.
You visited 3 branches of the dungeon, and saw 18 of its levels.
You also visited: Ice Cave.

You collected 1139 gold pieces.
You spent 630 gold pieces at shops.

Inventory:

Hand Weapons
 N - a +0 battleaxe (weapon)
Armour
 H - a +0 cloak (worn)
 T - the +3 crown of Dyrovepreva (worn) {rElec Int+2 SInv}
   (You found it in an ice cave)

   It affects your intelligence (+2).
   It insulates you from electricity.
   It lets you see invisible.
 V - a +2 plate armour of fire resistance (worn)
Jewellery
 e - an uncursed ring of ice
 i - an uncursed ring of flight
 j - an uncursed ring of protection from fire
 p - an amulet of regeneration (around neck)
 u - a ring of willpower (left hand)
 L - a ring of poison resistance (right hand)
 Z - an uncursed ring of see invisible
Wands
 a - a wand of iceblast (55)
 t - a wand of disintegration (15)
 x - a wand of acid (26)
 K - a wand of enslavement (8)
 Q - a wand of polymorph (13)
 Y - a wand of digging (4)
Scrolls
 c - 3 scrolls of fog
 d - 2 scrolls of immolation
 f - 7 scrolls of teleportation
 g - 7 scrolls of remove curse
 l - 5 scrolls of amnesia
 o - 3 scrolls of blinking {unknown}
 s - 2 scrolls of magic mapping {unknown}
 v - a scroll of enchant armour {unknown}
 w - a scroll of noise
 y - a scroll of random uselessness {unknown}
 D - 2 scrolls of identify
 G - a scroll of torment {unknown}
 I - a scroll of fear {unknown}
 J - a scroll of enchant weapon {unknown}
 S - a scroll of vulnerability {unknown}
 W - a scroll of brand weapon {unknown}
Potions
 b - 4 potions of lignification {unknown}
 h - 2 potions of degeneration {unknown}
 k - 9 potions of curing {unknown}
 m - 4 potions of brilliance {unknown}
 n - 4 potions of flight {unknown}
 r - 3 potions of haste
 E - 2 potions of heal wounds {unknown}
 F - 3 potions of magic {unknown}
 M - a potion of mutation {unknown}
 P - 2 potions of berserk rage
 U - 2 potions of might {unknown}
 X - 2 potions of attraction {unknown}
Books
 C - a manual of Unarmed Combat


   Skills:
 * Level 15.7 Fighting
 + Level 16.3 Axes
 + Level 13.8 Armour
 + Level 7.6 Dodging


You had 12 spell levels left.
You didn't know any spells.
Your spell library contained the following spells:

 Spells                   Type           Power        Failure   Level
 Freeze                   Ice            0%           97%         1
 Frozen Ramparts          Ice            0%           100%        3
 Ozocubu's Armour         Ice            0%           100%        3
 Hailstorm                Conj/Ice       0%           100%        4
 Ice Form                 Ice/Tmut       0%           100%        4
 Summon Ice Beast         Ice/Summ       0%           100%        4
 Metabolic Englaciation   Hex/Ice        0%           100%        5
 Freezing Cloud           Conj/Ice/Air   0%           100%        6


Dungeon Overview and Level Annotations

Branches:
Dungeon (11/15)            Temple (1/1) D:5            Lair (6/6) D:8
  Swamp (0/4) Lair:4       Spider (0/4) Lair:2        IceCv (visited)
  Slime: Lair:5-6       Orc: D:9-12

Altars:
Ashenzari
Cheibriados
Dithmenos
Elyvilon
Fedhas
Gozag
Hepliaklqana
Kikubaaqudgha
Makhleb
Nemelex Xobeh
Okawaru
Qazlal
Ru
Sif Muna
Trog
Uskayaw
Vehumet
Wu Jian
Xom
Yredelemnul
The Shining One

Shops:
D:11 *


Innate Abilities, Weirdness & Mutations

You reflexively headbutt those who attack you in melee.
You have a pair of horns on your head.


Message History

There is a stone staircase leading up, spattered with blood here.
The death yak gores you but does no damage.
The elephant tramples you!
* * * LOW HITPOINT WARNING * * *
You stumble backwards!
You stop ascending the stairs.
Your two-headed ogre hits the elephant with a +0 giant club.
Your two-headed ogre hits the elephant with a +0 giant club!
The elephant tramples your two-headed ogre!
Your two-headed ogre stumbles backwards!
The four-headed hydra bites you but does no damage.
The four-headed hydra closely misses you.
The four-headed hydra bites you.
* * * LOW HITPOINT WARNING * * *
The four-headed hydra barely misses you.
The boggart mumbles some strange words.
Send 'em back where they came from!
Trog shields your ally from puny magic!
The death yak gores you but does no damage.
The elephant tramples you!
You die...

♣..............
.♣..............
♣g..............
.♣♣♣♣..Y...........
........Y..........
........(..........
.........h.........
...P.#...D@.......
###....†.YY.......
##.....OY..l.......
#P..............#.#
##......†......#..#
#.....#†.......##.
#..##...........#
## #.#...........#
####..........#


You could see a death yak, a four-headed hydra, 2 elephants, a komodo dragon, 2
yaks, a black bear, a boggart and a friendly two-headed ogre (summoned,
berserk).

Vanquished Creatures
  Kirke (Lair:4)
  A boulder beetle (Lair:1)
  4 hydras
  2 death yaks (Lair:6)
  Pikel (D:5)
  An orb spider (shapeshifter) (D:8)
  A necromancer (IceCv)
  4 black mambas
  7 elephants
  Maurice (D:11)
  A gargoyle (D:7)
  7 cane toads
  A torpor snail (Lair:5)
  A centaur skeleton (D:11)
  3 komodo dragons
  10 freezing wraiths (IceCv)
  A polar bear (Lair:5)
  3 trolls
  10 blink frogs
  A dream sheep (Lair:4)
  A redback (Lair:2)
  40 yaks
  Sigmund (D:4)
  Eustachio (D:6)
  A hog (Lair:4)
  A wyvern (D:11)
  3 basilisks
  A death yak simulacrum (IceCv)
  Edmund (D:5)
  2 swamp worms (Lair:4)
  A soldier ant (D:11)
  13 water moccasins
  8 ice beasts
  3 phantoms
  A black bear (D:9)
  An orc warrior (D:11)
  The ghost of Almogavar the Covered, an amateur HOFi (D:3)
  An eye of draining (D:7)
  9 ogres
  12 wolves
  10 centaurs
  2 lemures (D:5)
  A big kobold (D:10)
  12 bullfrogs
  A gnoll sergeant (D:7)
  4 scorpions
  4 wights (D:9)
  An electric eel (Lair:4)
  4 howler monkeys
  A centaur zombie (D:9)
  A bullfrog zombie (D:10)
  2 draconian simulacra (IceCv)
  2 quasits
  3 bullfrog skeletons
  7 hounds
  Crazy Yiuf (D:5)
  6 orc priests
  An iron imp (D:8)
  A gnoll shaman (D:5)
  4 iguanas
  4 worker ants
  6 orc wizards
  2 spriggan simulacra (IceCv)
  A polar bear simulacrum (IceCv)
  2 wolf simulacra (IceCv)
  7 troll simulacra (IceCv)
  2 centaur simulacra (IceCv)
  A hound skeleton (D:11)
  A worker ant zombie (D:5)
  15 gnolls
  A howler monkey skeleton (D:11)
  An ogre simulacrum (IceCv)
  14 adders
  4 naga simulacra (IceCv)
  2 shadow imps
  27 white imps
  An adder zombie (D:6)
  4 worms
  3 dart slugs
  9 leopard geckos
  23 orcs
  2 ball pythons
  4 bats
  A giant cockroach (D:3)
  6 goblins
  7 hobgoblins
  12 jackals
  3 quokkas
  9 frilled lizards
  2 goblin zombies (D:9)
  A hobgoblin zombie (D:9)
  9 kobolds
  A kobold skeleton (D:9)
  2 kobold zombies (D:9)
  A leopard gecko skeleton (D:3)
  A leopard gecko zombie (D:7)
  An orc skeleton (D:9)
  2 orc zombies (D:9)
  A quokka skeleton (D:4)
  A quokka zombie (D:9)
  6 rats
433 creatures vanquished.

Vanquished Creatures (collateral kills)
  A hydra (Lair:3)
  A death yak (Lair:6)
  An elephant (Lair:6)
  A cane toad (Lair:4)
  An ice statue (IceCv)
  3 dream sheep (Lair:4)
  A spriggan simulacrum (IceCv)
9 creatures vanquished.

Vanquished Creatures (others)
  4 humans (Lair:4)
  A quokka (D:4)
  13 fungi
  42 plants
  A withered plant (D:5)
61 creatures vanquished.

Grand Total: 503 creatures vanquished

Notes
Turn   | Place    | Note
-------+----------+-------------------------------------------
     0 | D:1      | killngun the Minotaur Berserker began the quest for the
                  | Orb.
     0 | D:1      | Reached XP level 1. HP: 19/19 MP: 0/0
   304 | D:1      | Reached skill level 4 in Axes
   305 | D:1      | Reached XP level 2. HP: 18/27 MP: 1/1
  1207 | D:2      | Reached ** piety under Trog
  1244 | D:2      | Reached XP level 3. HP: 26/33 MP: 2/2
  1921 | D:2      | Reached skill level 5 in Axes
  1921 | D:2      | Reached XP level 4. HP: 22/41 MP: 3/3
  2951 | D:3      | Found a large runed translucent door.
  2952 | D:3      | Found a large runed translucent door.
  2982 | D:3      | Noticed Almogavar's ghost (amateur HOFi)
  3180 | D:3      | Found an ornate altar of the Wu Jian Council.
  3292 | D:3      | Killed Almogavar's ghost
  3293 | D:3      | Reached skill level 6 in Axes
  3293 | D:3      | Reached XP level 5. HP: 47/47 MP: 4/4
  3483 | D:4      | Reached skill level 5 in Fighting
  3552 | D:4      | Noticed an ogre
  3556 | D:4      | Reached XP level 6. HP: 56/56 MP: 5/5
  3618 | D:4      | Found a hide-covered altar of Uskayaw.
  3646 | D:4      | Noticed Sigmund
  3662 | D:4      | Killed Sigmund
  3663 | D:4      | Reached skill level 7 in Axes
  3663 | D:4      | Reached skill level 5 in Armour
  3663 | D:4      | Reached XP level 7. HP: 62/62 MP: 6/6
  4259 | D:4      | Reached skill level 8 in Axes
  4781 | D:4      | Reached XP level 8. HP: 69/71 MP: 7/7
  4792 | D:4      | Found a white marble altar of Elyvilon.
  4938 | D:5      | Entered Level 5 of the Dungeon
  5025 | D:5      | Reached skill level 9 in Axes
  5169 | D:5      | Reached *** piety under Trog
  5592 | D:5      | Noticed Pikel
  5610 | D:5      | Killed Pikel
  5611 | D:5      | Reached skill level 10 in Axes
  5646 | D:5      | Reached XP level 9. HP: 81/81 MP: 8/8
  5685 | D:5      | Noticed Edmund
  5692 | D:5      | Killed Edmund
  5750 | D:5      | Found a blossoming altar of Fedhas.
  5750 | D:5      | Found an ancient bone altar of Kikubaaqudgha.
  5779 | D:5      | Found a runed translucent door.
  5780 | D:5      | Noticed Crazy Yiuf
  5986 | D:5      | Found a snail-covered altar of Cheibriados.
  6168 | D:5      | Found a staircase to the Ecumenical Temple.
  6249 | D:5      | Killed Crazy Yiuf
  6516 | D:6      | Reached skill level 11 in Axes
  7066 | D:6      | Noticed Eustachio
  7081 | D:6      | Killed Eustachio
  7588 | D:7      | Noticed a gargoyle
  7598 | D:7      | Killed a gargoyle
  7598 | D:7      | Reached **** piety under Trog
  7599 | D:7      | Reached skill level 12 in Axes
  7844 | D:7      | Found a stormy altar of Qazlal.
  7921 | D:7      | Found a basalt altar of Yredelemnul.
  8125 | D:7      | Found a hazy altar of Hepliaklqana.
  8401 | D:7      | Found an iron altar of Okawaru.
  8647 | D:8      | Noticed a troll
  8650 | D:8      | Noticed an orb spider
  8655 | D:8      | Reached XP level 10. HP: 91/91 MP: 9/9
  8661 | D:8      | Killed an orb spider
  8998 | D:8      | Found a snail-covered altar of Cheibriados.
  9258 | D:8      | Found a staircase to the Lair.
  9328 | D:9      | Reached skill level 13 in Axes
  9581 | D:9      | Reached skill level 10 in Fighting
  9662 | D:9      | You fall into a shaft and drop 1 floor!
  9662 | D:10     | Entered Level 10 of the Dungeon
  9773 | D:9      | Reached skill level 10 in Armour
 10249 | D:9      | Found a glowing golden altar of the Shining One.
 10560 | D:9      | Found a burning altar of Makhleb.
 11158 | D:10     | Found a blossoming altar of Fedhas.
 11286 | D:11     | Reached skill level 14 in Axes
 11471 | D:11     | Reached XP level 11. HP: 101/101 MP: 10/10
 11513 | D:11     | Reached ***** piety under Trog
 11600 | D:11     | Noticed Maurice
 11652 | D:11     | Killed Maurice
 11828 | D:11     | Found a frozen archway.
 11949 | IceCv    | Entered an ice cave
 12145 | IceCv    | Received a gift from Trog
 12543 | IceCv    | Reached skill level 15 in Axes
 12758 | IceCv    | Found an ancient bone altar of Kikubaaqudgha.
 13827 | IceCv    | Noticed a necromancer
 14024 | IceCv    | Killed a necromancer
 14245 | IceCv    | Found the +3 crown of Dyrovepreva {rElec Int+2 SInv}
 14256 | IceCv    | Identified the Collected Works on the Snowflakes
 14391 | D:11     | Found Fomiox Wesee's General Store.
 14399 | D:11     | Bought a scroll of teleportation for 42 gold pieces
 14399 | D:11     | Bought a +2 plate armour of fire resistance for 560 gold
                  | pieces
 14399 | D:11     | Bought a scroll of identify for 28 gold pieces
 14768 | Temple   | Entered the Ecumenical Temple
 14943 | Lair:1   | Entered Level 1 of the Lair of Beasts
 15331 | Lair:1   | Noticed a boulder beetle
 15386 | Lair:1   | Killed a boulder beetle
 15553 | Lair:1   | Found an ornate altar of the Wu Jian Council.
 15556 | Lair:1   | Found a hide-covered altar of Uskayaw.
 15643 | Lair:1   | Found a snail-covered altar of Cheibriados.
 16238 | Lair:2   | Reached skill level 16 in Axes
 16238 | Lair:2   | Reached XP level 12. HP: 99/112 MP: 11/11
 17213 | Lair:2   | Found a hole to the Spider Nest.
 17736 | Lair:3   | Noticed a five-headed hydra
 17742 | Lair:3   | Killed a six-headed hydra
 17822 | Lair:3   | Reached skill level 5 in Dodging
 18665 | Lair:3   | Found a snail-covered altar of Cheibriados.
 19332 | Lair:4   | Noticed Kirke
 19348 | Lair:4   | Killed Kirke
 19688 | Lair:4   | Noticed a six-headed hydra
 19698 | Lair:4   | Killed a 12-headed hydra
 19811 | Lair:4   | Noticed a four-headed hydra
 19839 | Lair:4   | Killed a 13-headed hydra
 19840 | Lair:4   | Reached XP level 13. HP: 89/125 MP: 12/12
 20681 | Lair:4   | Found a staircase to the Swamp.
 21429 | Lair:5   | Reached skill level 15 in Fighting
 22726 | Lair:6   | Entered Level 6 of the Lair of Beasts
 22813 | Lair:6   | HP: 5/128 [four-headed hydra (2)]
 22813 | Lair:6   | Mangled by an elephant

Illustrated notes

Levels and vault maps discovered:
D:1:      minmay_arrival_five_plusses, layout_basic
D:2:      layout_loops_cross, nicolae_overflow_hidden_temple
D:3:      layout_rooms, lemuel_crystal_altar, ebering_ghost_disaster_area
D:4:      layout_loops_ring, lemuel_crystal_altar, elyvilon_altar_4,
          kennysheep_generic_room_12, uniq_sigmund
D:5:      layout_rooms, grunt_temple_overflow_growth_and_decay, kennysheep_mini,
          minmay_temple_entry_wispy, minmay_misc_feat_doors, uniq_pikel,
          uniq_crazy_yiuf_cottage, uniq_edmund
D:6:      minmay_klotski, layout_loops_corners, uniq_eustachio
D:7:      layout_gridville, kennysheep_okawaru_gauntlet, lemuel_crystal_altar,
          nicolae_qazlal_style_of_elements, basic_altar
D:8:      wad_statue_garden, layout_rooms, lair_entry_dummy,
          serial_bayou_pond_d, chei_slow_surprise
D:9:      layout_loops_cross, nicolae_tso_besieged_by_evil,
          general_overflow_altar, serial_rivers, chequers_serial_rivers_small_b,
          chequers_serial_rivers_micro_e, chequers_serial_rivers_small_3,
          chequers_serial_rivers_small_3, chequers_serial_rivers_small_a,
          chequers_serial_rivers_micro_c
D:10:     layout_rooms, fedhas_altar_decomposition
D:11:     layout_rooms, portal_ice_cave_entry_imps, serial_shops, shop,
          dk_noncrumbling_3, chequers_serial_rivers_small_a, uniq_maurice
Temple:   eino_wide_crystal_templ
Lair:1:   layout_loops_ring, basic_altar, nzn_masters_of_martial_movement,
          serial_bayou_shore_b
Lair:2:   layout_hall_layers, spider_nest_entry_webs, enter_volcano_2,
          grunt_megastairs_2
Lair:3:   layout_roguey, lemuel_centaur_altar, lemuel_fruit_fields,
          grunt_megastairs_5
Lair:4:   layout_loops_ring, nicolae_swamp_entry_splash_gauntlet,
          grunt_megastairs_1, uniq_kirke
Lair:5:   layout_cave_pods, gauntlet_entry_generic
Lair:6:   minmay_lair_end_enchanted_forest, layout_hall_layers, slime_altar_1,
          kilobyte_rumbling_trees, uniq_urug, uniq_josephine

Skill      XL: |  1  2  3  4  5  6  7  8  9 10 11 12 13 |
---------------+----------------------------------------+-----
Axes           | 4 5 6 7 8 10 12 14 16 | 16.3
Fighting       | 4 5 6 7 9 10 12 14 15 | 15.7
Armour         | 3 4 5 6 7 9 10 11 13 | 13.8
Dodging        | 6 7 |  7.6

Action                   |  1- 3 |  4- 6 |  7- 9 | 10-12 | 13-15 || total
-------------------------+-------+-------+-------+-------+-------++-------
Melee: Hand axe          |   101 |   100 |   145 |       |       ||   346
       Headbutt          |    12 |    24 |    62 |   151 |    47 ||   296
       War axe           |       |       |   174 |   681 |    87 ||   942
       Unarmed           |       |       |       |     9 |       ||     9
       Battleaxe         |       |       |       |       |    90 ||    90
Invok: Berserk           |     1 |     3 |    14 |    22 |     4 ||    44
       Trog's Hand       |       |       |     1 |       |       ||     1
       Brothers in Arms  |       |       |       |     3 |     1 ||     4
  Use: Scroll            |     3 |     1 |     1 |     8 |     3 ||    16
Armor: Animal skin       |    16 |       |       |       |       ||    16
       Chain mail        |     6 |    10 |       |       |       ||    16
       Plate armour      |       |    31 |   143 |   392 |   102 ||   668
Dodge: Dodged            |    55 |    20 |   120 |   224 |    72 ||   491
Block: Other             |       |       |       |     8 |    25 ||    33
